TOP OF THE 1ST |
Tulsa Drillers batting - Pitching for Altoona Curve : RHP Ian Toney
|
Pitching: RHP Ian Toney
|
|
Batting: RHB Tony Reyna
|
0-0: Foul Ball, location: 2F 0-1: Called Strike 0-2: Foul Ball, location: 2F 0-2: Ball 1-2: Foul Ball, location: 2F 1-2: Fly out, F9 (Line Drive, 9D, EV 86.2 MPH)
|
Batting: LHB Antonio Luis
|
0-0: Ball 1-0: Ball 2-0: Called Strike 2-1: SINGLE (Groundball, 13, EV 83.8 MPH) (infield hit)
|
Batting: SHB Rich Rubio
|
0-0: Ball 1-0: Fly out, F8 (Line Drive, 8LS, EV 99.4 MPH)
|
Batting: SHB Xavier Alaniz
|
0-0: Ball 1-0: Foul Ball, location: 2F 1-1: DOUBLE (Line Drive, 3D, EV 106.2 MPH) Antonio Luis to third Runner from 3rd tries for Home, SAFE, no throw by RF
|
Batting: RHB John Piccolo
|
0-0: Foul Ball, location: 2F 0-1: Ball 1-1: Ball 2-1: Foul Ball, location: 2F 2-2: Strikes out swinging
|
Top of the 1st over - 1 run, 2 hits, 0 errors, 1 left on base; Tulsa 1 - Altoona 0 |
BOTTOM OF THE 1ST |
Altoona Curve batting - Pitching for Tulsa Drillers : RHP Jeff Coates
|
Pitching: RHP Jeff Coates
|
|
Batting: RHB Ron Corn
|
0-0: Ground out 6-3 (Groundball, 6, EV 106.2 MPH)
|
Batting: RHB John Goynes
|
0-0: Ball 1-0: Foul Ball, location: 2F 1-1: Ball 2-1: Foul Ball, location: 2F 2-2: Ball 3-2: Foul Ball, location: 2F 3-2: DOUBLE (Flyball, 78D, EV 92.5 MPH)
|
Batting: LHB Micah Boshnjaku
|
0-0: Foul Ball, location: 2F 0-1: Foul Ball, location: 2F 0-2: Ball 1-2: Ball 2-2: Ground out 4-3 (Groundball, 4MS, EV 61.2 MPH) John Goynes to third
|
Batting: RHB Jeremy Boerman
|
0-0: Ball 1-0: 2-RUN HOME RUN (Flyball, 7D, EV 101.2 MPH), Distance : 385 ft
|
Batting: LHB Jesse Henly
|
0-0: Ball 1-0: Ball 2-0: Ball 3-0: Called Strike 3-1: Foul Ball, location: 2F 3-2: Foul Ball, location: 2F 3-2: Base on Balls
|
Batting: LHB Aito Harada
|
0-0: Ball Jesse Henly steals 2nd base 1-0: Ground out U3 (Groundball, 3, EV 87.5 MPH)
|
Bottom of the 1st over - 2 runs, 2 hits, 0 errors, 1 left on base; Tulsa 1 - Altoona 2 |
TOP OF THE 2ND |
Tulsa Drillers batting - Pitching for Altoona Curve : RHP Ian Toney
|
Batting: LHB Kippy McGrath
|
0-0: Called Strike 0-1: Fly out, F8 (Flyball, 78M, EV 86.2 MPH)
|
Batting: RHB Eddie Perry
|
0-0: Ball 1-0: Ball 2-0: Ball 3-0: Called Strike 3-1: Fly out, F9 (Flyball, 9D, EV 107.5 MPH)
|
Batting: RHB Phil Knox
|
0-0: Ball 1-0: Foul Ball, location: 2F 1-1: Foul Ball, location: 2F 1-2: Strikes out swinging
|
Top of the 2nd over - 0 runs, 0 hits, 0 errors, 0 left on base; Tulsa 1 - Altoona 2 |
BOTTOM OF THE 2ND |
Altoona Curve batting - Pitching for Tulsa Drillers : RHP Jeff Coates
|
Batting: RHB Keiji Nakajima
|
0-0: Ground out 6-3 (Groundball, 6, EV 86.9 MPH)
|
Batting: RHB Killian Jones
|
0-0: Ball 1-0: Called Strike 1-1: Ball 2-1: Ball 3-1: Foul Ball, location: 2F 3-2: DOUBLE (Flyball, 8LXD, EV 111.2 MPH)
|
Batting: SHB Jerry Massey
|
0-0: Ball 1-0: Ball 2-0: Fly out, F7 (Flyball, 7S, EV 90.6 MPH)
|
Batting: RHB Ron Corn
|
0-0: Ground out 6-3 (Groundball, 6, EV 86.9 MPH)
|
Bottom of the 2nd over - 0 runs, 1 hit, 0 errors, 1 left on base; Tulsa 1 - Altoona 2 |
TOP OF THE 3RD |
Tulsa Drillers batting - Pitching for Altoona Curve : RHP Ian Toney
|
Batting: RHB Kevin Ezell
|
0-0: Foul Ball, location: 2F 0-1: Foul Ball, location: 2F 0-2: Strikes out swinging
|
Batting: RHB Tony Reyna
|
0-0: Called Strike 0-1: Ball 1-1: Swinging Strike 1-2: Ball 2-2: Ground out 4-3 (Groundball, 4M, EV 86.9 MPH)
|
Batting: LHB Antonio Luis
|
0-0: Called Strike 0-1: Ball 1-1: Ball 2-1: Called Strike 2-2: Ground out U3 (Groundball, 34, EV 89.4 MPH)
|
Top of the 3rd over - 0 runs, 0 hits, 0 errors, 0 left on base; Tulsa 1 - Altoona 2 |
BOTTOM OF THE 3RD |
Altoona Curve batting - Pitching for Tulsa Drillers : RHP Jeff Coates
|
Batting: RHB John Goynes
|
0-0: Ball 1-0: Called Strike 1-1: Bunt for hit to 2R - play at first, batter OUT! 2-3
|
Batting: LHB Micah Boshnjaku
|
0-0: Ball 1-0: Foul Ball, location: 2F 1-1: Swinging Strike 1-2: Strikes out swinging
|
Batting: RHB Jeremy Boerman
|
0-0: Foul Ball, location: 2F 0-1: Ball 1-1: Fly out, F9 (Flyball, 9D, EV 81.9 MPH)
|
Bottom of the 3rd over - 0 runs, 0 hits, 0 errors, 0 left on base; Tulsa 1 - Altoona 2 |
TOP OF THE 4TH |
Tulsa Drillers batting - Pitching for Altoona Curve : RHP Ian Toney
|
Batting: SHB Rich Rubio
|
0-0: Ground out 5-3 (Groundball, 5L, EV 103.1 MPH)
|
Batting: SHB Xavier Alaniz
|
0-0: Ground out 4-3 (Groundball, 4M, EV 101.2 MPH)
|
Batting: RHB John Piccolo
|
0-0: Ball 1-0: Ball 2-0: Ball 3-0: Called Strike 3-1: Ground out U3 (Groundball, 34S, EV 87.5 MPH)
|
Top of the 4th over - 0 runs, 0 hits, 0 errors, 0 left on base; Tulsa 1 - Altoona 2 |
BOTTOM OF THE 4TH |
Altoona Curve batting - Pitching for Tulsa Drillers : RHP Jeff Coates
|
Batting: LHB Jesse Henly
|
0-0: Called Strike 0-1: Foul Ball, location: 2F 0-2: Ball 1-2: Foul Ball, location: 2F 1-2: Ball 2-2: Foul Ball, location: 2F 2-2: Foul Ball, location: 2F 2-2: Foul Ball, location: 2F 2-2: Ball 3-2: Foul Ball, location: 2F 3-2: Fly out, F7 (Flyball, 7LM, EV 96.2 MPH)
|
Batting: LHB Aito Harada
|
0-0: Ball 1-0: Foul Ball, location: 2F 1-1: Ground out 1-3 (Groundball, 15, EV 71.9 MPH)
|
Batting: RHB Keiji Nakajima
|
0-0: Called Strike 0-1: Called Strike 0-2: Ball 1-2: Ground out 6-3 (Groundball, 6, EV 111.9 MPH)
|
Bottom of the 4th over - 0 runs, 0 hits, 0 errors, 0 left on base; Tulsa 1 - Altoona 2 |
TOP OF THE 5TH |
Tulsa Drillers batting - Pitching for Altoona Curve : RHP Ian Toney
|
Batting: LHB Kippy McGrath
|
0-0: Called Strike 0-1: Foul Ball, location: 2F 0-2: Fly out, F8 (Flyball, 8LD, EV 101.2 MPH)
|
Batting: RHB Eddie Perry
|
0-0: Ball 1-0: Swinging Strike 1-1: Foul Ball, location: 2F 1-2: Ground out 6-3 (Groundball, 6, EV 100.6 MPH)
|
Batting: RHB Phil Knox
|
0-0: Called Strike 0-1: Swinging Strike 0-2: Strikes out swinging
|
Top of the 5th over - 0 runs, 0 hits, 0 errors, 0 left on base; Tulsa 1 - Altoona 2 |
BOTTOM OF THE 5TH |
Altoona Curve batting - Pitching for Tulsa Drillers : RHP Jeff Coates
|
Batting: RHB Killian Jones
|
0-0: Ball 1-0: Foul Ball, location: 2F 1-1: SINGLE (Groundball, 15S, EV 68.8 MPH) (infield hit)
|
Batting: SHB Jerry Massey
|
0-0: Called Strike 0-1: Foul Ball, location: 2F 0-2: Grounds into double play, 5-4-3 (Groundball, 5, EV 109.4 MPH)
|
Batting: RHB Ron Corn
|
0-0: Foul Ball, location: 2F 0-1: Ground out 5-3 (Groundball, 56S, EV 85.0 MPH)
|
Bottom of the 5th over - 0 runs, 1 hit, 0 errors, 0 left on base; Tulsa 1 - Altoona 2 |
TOP OF THE 6TH |
Tulsa Drillers batting - Pitching for Altoona Curve : RHP Ian Toney
|
Batting: RHB Kevin Ezell
|
0-0: Called Strike 0-1: Called Strike 0-2: Ball 1-2: Strikes out swinging
|
Batting: RHB Tony Reyna
|
0-0: Ball 1-0: Ball 2-0: Called Strike 2-1: Called Strike 2-2: DOUBLE (Line Drive, 9LS, EV 96.9 MPH)
|
Batting: LHB Antonio Luis
|
0-0: Ball 1-0: Ball 2-0: Called Strike 2-1: Called Strike 2-2: Fly out, F9 (Flyball, 9, EV 87.5 MPH)
|
Batting: SHB Rich Rubio
|
0-0: Ball 1-0: Ground out U3 (Groundball, 3, EV 108.1 MPH)
|
Top of the 6th over - 0 runs, 1 hit, 0 errors, 1 left on base; Tulsa 1 - Altoona 2 |
BOTTOM OF THE 6TH |
Altoona Curve batting - Pitching for Tulsa Drillers : RHP Jeff Coates
|
Batting: RHB John Goynes
|
0-0: Ball 1-0: Ball 2-0: Called Strike 2-1: Foul Ball, location: 2F 2-2: SINGLE (Groundball, 6MD, EV 97.5 MPH)
|
Batting: LHB Micah Boshnjaku
|
0-0: Called Strike 0-1: Ball 1-1: Ball 2-1: Ball 3-1: Foul Ball, location: 2F 3-2: Fly out, F9 (Flyball, 9D, EV 101.9 MPH)
|
Batting: RHB Jeremy Boerman
|
0-0: Foul Ball, location: 2F 0-1: Ball 1-1: Ball 2-1: Ball 3-1: Base on Balls John Goynes to second
|
Batting: LHB Jesse Henly
|
0-0: Fielders Choice at 2nd, 6-4 (Groundball, 6S, EV 81.9 MPH) John Goynes to third
|
Batting: LHB Aito Harada
|
0-0: Called Strike Pickoff Throw to First - Error! E1 John Goynes scores Jesse Henly to second 0-1: Ball 1-1: Swinging Strike 1-2: Ground out U3 (Groundball, 3S, EV 86.2 MPH)
|
Bottom of the 6th over - 1 run, 1 hit, 1 error, 1 left on base; Tulsa 1 - Altoona 3 |
TOP OF THE 7TH |
Tulsa Drillers batting - Pitching for Altoona Curve : RHP Ian Toney
|
Batting: SHB Xavier Alaniz
|
0-0: Ball 1-0: Ground out 4-3 (Groundball, 4, EV 98.8 MPH)
|
Batting: RHB John Piccolo
|
0-0: Swinging Strike 0-1: Ball 1-1: Foul Ball, location: 2F 1-2: Strikes out swinging
|
Batting: LHB Kippy McGrath
|
0-0: Called Strike 0-1: Foul Ball, location: 2F 0-2: Strikes out swinging
|
Top of the 7th over - 0 runs, 0 hits, 0 errors, 0 left on base; Tulsa 1 - Altoona 3 |
BOTTOM OF THE 7TH |
Altoona Curve batting - Pitching for Tulsa Drillers : RHP Jeff Coates
|
Batting: RHB Keiji Nakajima
|
0-0: Ball 1-0: Foul Ball, location: 2F 1-1: Swinging Strike 1-2: DOUBLE (Flyball, 5D, EV 93.8 MPH)
|
Batting: RHB Killian Jones
|
0-0: Called Strike 0-1: Ball 1-1: Ball 2-1: Foul Ball, location: 2F 2-2: Ball 3-2: Ground out 6-3 (Groundball, 6, EV 109.4 MPH)
|
Pitching: RHP Russell Rider
|
|
Batting: SHB Jerry Massey
|
0-0: SINGLE (Groundball, 34D, EV 98.8 MPH) Keiji Nakajima to third Runner from 3rd tries for Home, throw by RF and OUT! 9-2 Jerry Massey to second
|
Batting: RHB Ron Corn
|
0-0: Called Strike 0-1: Called Strike 0-2: Ball 1-2: Ball 2-2: Foul Ball, location: 2F 2-2: Ground out U3 (Groundball, 3, EV 108.8 MPH)
|
Bottom of the 7th over - 0 runs, 2 hits, 0 errors, 1 left on base; Tulsa 1 - Altoona 3 |
TOP OF THE 8TH |
Tulsa Drillers batting - Pitching for Altoona Curve : RHP Ian Toney
|
Batting: RHB Eddie Perry
|
0-0: Called Strike 0-1: Called Strike 0-2: Ground out 6-3 (Groundball, 6, EV 93.1 MPH)
|
Pinch Hitting: LHB Bobby Gambrell
|
0-0: Swinging Strike 0-1: Ball 1-1: Foul Ball, location: 2F 1-2: Foul Ball, location: 2F 1-2: Strikes out swinging
|
Batting: RHB Kevin Ezell
|
0-0: Ball 1-0: Ball 2-0: Called Strike 2-1: Foul Ball, location: 2F 2-2: Strikes out swinging
|
Top of the 8th over - 0 runs, 0 hits, 0 errors, 0 left on base; Tulsa 1 - Altoona 3 |
BOTTOM OF THE 8TH |
Altoona Curve batting - Pitching for Tulsa Drillers : RHP Russell Rider
|
Now at 2B: John Piccolo
|
|
Now at 3B: Bobby Gambrell
|
|
Batting: RHB John Goynes
|
0-0: Called Strike 0-1: Ball 1-1: Ball 2-1: Foul Ball, location: 2F 2-2: Ball 3-2: Base on Balls
|
Batting: LHB Micah Boshnjaku
|
0-0: Ball 1-0: Ball 2-0: Ball 3-0: Base on Balls John Goynes to second
|
Batting: RHB Jeremy Boerman
|
0-0: Swinging Strike 0-1: Foul Ball, location: 2F 0-2: Strikes out swinging
|
Batting: LHB Jesse Henly
|
0-0: Ball 1-0: Ball 2-0: Ball 3-0: Called Strike 3-1: Fielders Choice at 2nd, 3-6 (Groundball, 34D, EV 91.2 MPH) John Goynes to third
|
Batting: LHB Aito Harada
|
0-0: Swinging Strike 0-1: Swinging Strike 0-2: Strikes out looking
|
Bottom of the 8th over - 0 runs, 0 hits, 0 errors, 2 left on base; Tulsa 1 - Altoona 3 |
TOP OF THE 9TH |
Tulsa Drillers batting - Pitching for Altoona Curve : RHP Ian Toney
|
Pitching: RHP Hugo Rodriguez
|
|
Batting: RHB Tony Reyna
|
0-0: Ground out 6-3 (Groundball, 6M, EV 80.0 MPH)
|
Batting: LHB Antonio Luis
|
0-0: Ball 1-0: Ball 2-0: Ball 3-0: Called Strike 3-1: Foul Ball, location: 2F 3-2: Fly out, F3 (Line Drive, 3, EV 71.9 MPH)
|
Batting: SHB Rich Rubio
|
0-0: Foul Ball, location: 2F 0-1: Swinging Strike 0-2: Ball 1-2: Ball 2-2: Strikes out looking
|
Top of the 9th over - 0 runs, 0 hits, 0 errors, 0 left on base; Tulsa 1 - Altoona 3 |
|